 Dungeon Crawl Stone Soup version 0.30-a0-948-g4fa250aae5 (webtiles) character file.

Game seed: 2932138454419533084

84 DeathPants the Sneak (level 4, -1/23 HPs)
             Began as a Vine Stalker Wanderer on Mar 26, 2023.
             Killed by nerve-wracking pain
             ... invoked by an orc priest
              (4 damage)
             ... on level 4 of the Dungeon.
             The game lasted 00:03:51 (1225 turns).

DeathPants the Sneak (Vine Stalker Wanderer)        Turns: 1225, Time: 00:03:51

Health: -1/23      AC:  4    Str: 15    XL:     4   Next: 46%
Magic:  0/7        EV: 12    Int: 10    God:
Gold:   64         SH:  0    Dex: 17    Spells: 6/6 levels left

rFire   . . .      SeeInvis .    a - +2 dagger
rCold   . . .      Faith    .    (no shield)
rNeg    . . .      Spirit   +    f - +0 leather armour
rPois   .          Reflect  .    (no helmet)
rElec   .          Rampage  .    d - +0 cloak
rCorr   .                        (no gloves)
Will    .....                    (no boots)
Stlth   +++                      (no amulet)
HPRegen 1.03/turn                (no ring)
MPRegen 0.10/turn                (no ring)

@: no status effects
A: fangs 2, regeneration 1, magic shield, antimagic bite, no potion heal 2
a: no special abilities


You were on level 4 of the Dungeon.
You visited 1 branch of the dungeon, and saw 5 of its levels.

You collected 64 gold pieces.

Inventory:

Hand Weapons
 a - a +2 dagger (weapon)
Armour
 d - a +0 cloak (worn)
 f - a +0 leather armour (worn)
Scrolls
 g - 3 scrolls of noise {unknown}
 h - 3 scrolls of identify {unknown}
 i - a scroll of poison {unknown}
 k - a scroll of vulnerability {unknown}
 m - a scroll of teleportation {unknown}
Potions
 b - a potion of brilliance
 c - 2 potions of cancellation {unknown}
 e - a potion of lignification
 j - a potion of heal wounds {unknown}
 l - a potion of berserk rage {unknown}
 n - a potion of resistance {unknown}


   Skills:
 + Level 2.0 Fighting
 - Level 1.0 Polearms
 - Level 1.7 Throwing
 + Level 1.8 Dodging
 + Level 6.5 Stealth
 + Level 1.8 Spellcasting


You had 6 spell levels left.
You didn't know any spells.
Your spell library contained the following spells:

 Spells                   Type           Power      Damage    Failure   Level
 Kiss of Death            Conj/Necr      0%         2d5       36%         1
 Confusing Touch          Hex            0%         N/A       75%         3
 Inner Flame              Hex/Fire       0%         N/A       75%         3
 Cause Fear               Hex            0%         N/A       98%         4
 Dispel Undead            Necr           0%         3d6       98%         4
 Blade Hands              Tmut           0%         N/A       100%        5
 Irradiate                Conj/Tmut      0%         3d11      100%        5
 Dragon Form              Tmut           0%         N/A       100%        7
 Discord                  Hex            0%         N/A       100%        8
 Chain Lightning          Conj/Air       0%         N/A       100%        9
 Fire Storm               Conj/Fire      0%         5d1       100%        9
 Shatter                  Erth           0%         3d5*      100%        9


Dungeon Overview and Level Annotations

Branches:
Dungeon (5/15)
 Temple: D:4-7

Altars:


Innate Abilities, Weirdness & Mutations

You have extremely sharp teeth.
Your natural rate of healing is unusually fast.
When hurt, damage is shared between your health and your magic reserves.
Your bite disrupts and absorbs the magic of your enemies.
Potions cannot restore your health.


Message History

You hit the orc priest. You punch the orc priest. You bite the orc priest.
You drain its power.
The orc priest is severely wounded.
You hit the orc priest.
The orc priest is almost dead.
The orc priest closely misses you. The orc hits you with a +0 flail.
You hit the orc priest.
You kill the orc priest!
The orc closely misses you.
Your Fighting skill increases to level 2!
You have reached level 4!
You feel agile.
You begin to heal more quickly.
You hit the orc.
The orc is lightly wounded.
You hit the orc. Your bite misses the orc.
The orc is almost dead.
The orc hits you with a +0 flail.
You closely miss the orc.
The orc is almost dead.
The orc priest shouts!
The orc hits you with a +0 mace. The orc hits you with a +0 flail.
You hit the orc.
You kill the orc!
The orc hits you with a +0 mace. The orc attacks as you move away!
The orc hits you with a +0 mace.
The orc priest hits you but does no damage.
Things that are here:
a +0 flail; a +0 club; an orc corpse You hit the orc priest but do no damage.
The orc priest calls down the wrath of Beogh upon you.
Beogh smites you!
Ouch! That really hurt!
* * * LOW HITPOINT WARNING * * *
The orc barely misses you.
You hit the orc priest.
The orc priest is lightly wounded.
The orc priest calls down the wrath of Beogh upon you.
Pain shoots through your body!
You die...

#### ###...###
#.......#
..#...#.##
.........#######
...............#
.........#####.#
..#...#o######.####
#.....o@# #...>...#
###...### #.##.##.#
#... #.......# #..
#.......# #..
#.......# #.
#....#..# ##
#.......# #.######
##..##.## #......#
#...).#


You could see an orc priest and an orc.

Vanquished Creatures
  An orc priest (D:4)
  2 adders
  A worm (D:1)
  An orc (D:4)
  3 bats (D:1)
  An endoplasm (D:1)
  A giant cockroach (D:1)
  4 goblins
  6 hobgoblins
  5 kobolds
  4 quokkas
  2 rats (D:1)
31 creatures vanquished.

Notes
Turn   | Place    | Note
-------+----------+-------------------------------------------
     0 | D:1      | DeathPants the Vine Stalker Wanderer began the quest for
                  | the Orb.
     0 | D:1      | DeathPants set off with the following items: a +2 dagger, a
                  | potion of brilliance, a +0 spear, a +0 cloak, a potion of
                  | lignification, a +0 leather armour.
     0 | D:1      | Reached XP level 1. HP: 10/10 MP: 2/2
   173 | D:1      | Reached XP level 2. HP: 14/14 MP: 3/3
   604 | D:1      | Reached skill level 1 in Spellcasting
   844 | D:1      | Reached XP level 3. HP: 3/18 MP: 0/5
  1111 | D:2      | You fall into a shaft and drop 2 floors!
  1171 | D:5      | Entered Level 5 of the Dungeon
  1171 | D:5      | Noticed a centaur
  1219 | D:4      | Gained mutation: Your natural rate of healing is unusually
                  | fast. [Vine Stalker growth]
  1219 | D:4      | Reached XP level 4. HP: 20/23 MP: 5/7
  1225 | D:4      | Killed from afar by an orc priest

Illustrated notes

Levels and vault maps discovered:
D:1:      dpeg_arrival_rooms_c, layout_loops_ring
D:2:      layout_rooms, nrook_mini_vaults
D:3:      layout_basic, nicolae_tso_swordbearing_angel,
          mainiacjoe_overflow_small_starburst, mainiacjoe_overflow_alcove_1
D:4:      layout_loops_cross, mainiacjoe_overflow_alcove_4,
          amcnicky_mini_corridor_feature
D:5:      layout_basic, grunt_dithmenos_smoke_and_mirrors, temple_pool_b,
          serial_shops, nicolae_shop_hallway_stairs,
          cheibrodos_sewer_entry_bend, nicolae_grassy_gnolls

Skill      XL: |  1  2  3 |
---------------+----------+-----
Spellcasting   | 1 |  1.8
Fighting       | 2 |  2.0
Polearms       | |  1.0
Throwing       | |  1.7
Dodging        | |  1.8
Stealth        | |  6.5

Action                     |  1- 3 |  4- 6 || total
---------------------------+-------+-------++-------
  Melee: Dagger            |    68 |     6 ||    74
         Bite              |    14 |       ||    14
         Punch             |     1 |       ||     1
   Stab: Sleeping          |     9 |       ||     9
 Armour: Leather armour    |    27 |     1 ||    28
  Dodge: Dodged            |    36 |     1 ||    37

Table legend: (Time is in decaauts)
 A = Elapsed time spent in this place.
 B = Non-inter-level travel time spent in this place.
 C = Inter-level travel time spent in this place.
 D = Time resting spent in this place.
 E = Time spent auto-exploring this place.
 F = Levels seen in this place.
 G = Mean time per level.
                   A        B        C        D        E       F      G
               +--------+--------+--------+--------+--------+-----+--------+
         Total |   1228 |   1189 |     39 |     65 |    740 |   5 |  245.6 |
       Dungeon |   1228 |   1189 |     39 |     65 |    740 |   5 |  245.6 |
               +--------+--------+--------+--------+--------+-----+--------+

Top non-repeatable levels by time:
     D:1: 847 daAuts
     D:2: 265 daAuts
     D:4: 112 daAuts
     D:5: 1 daAuts
     D:3: 1 daAuts
